 Dungeon Crawl Stone Soup version 0.31.0-4-g52a2dc7128 (webtiles) character file.

Game seed: 14997937936295427577

907 stipulation the Grappler (level 8, -6/63 HPs)
             Began as a Ghoul Monk on Jan 21, 2024.
             Mangled by a water moccasin (8 damage)
             ... on level 5 of the Dungeon.
             The game lasted 00:02:24 (3931 turns).

stipulation the Grappler (Ghoul Monk)               Turns: 3931, Time: 00:02:24

Health: -6/63      AC:  5    Str: 17    XL:     8   Next: 8%
Magic:  8/8        EV: 11    Int:  9    God:
Gold:   201        SH:  0    Dex: 11    Spells: 7/7 levels left

rFire   . .          .
                       - Unarmed
rCold   + . .        c - orb {light}
rNeg    + + +        r - +0 ring mail
rPois   ∞            (no helmet)
rElec   .            (no cloak)
rCorr   .            (no gloves)
SInv    .            (no boots)
Will    .....        (no amulet) Stlth
                     (no ring)
HPRegen 0.00/turn    (no ring)
MPRegen 0.11/turn

%: no passive effects
@: on fire, inhibited regen, glowing
A: claws 1, cold resistance 1, negative energy resistance 3, inhibited
regeneration, torment resistance 2, devour on kill
a: no special abilities


You were on level 5 of the Dungeon.
You visited 1 branch of the dungeon, and saw 5 of its levels.

You collected 201 gold pieces.

Inventory:

Armour
 a - a +0 robe
 c - an orb of light (worn)
 r - a +0 ring mail (worn)
Jewellery
 g - a ring of protection from fire
 j - a ring of magical power
 m - a ring of resist corrosion
 n - a +6 ring of intelligence
Scrolls
 e - a scroll of torment
 h - a scroll of silence {unknown}
 o - a scroll of fog {unknown}
 q - a scroll of brand weapon
 s - a scroll of enchant weapon
 u - a scroll of revelation {unknown}
Potions
 b - a potion of ambrosia
 f - 2 potions of lignification
 i - a potion of attraction {unknown}
 k - a potion of haste {unknown}
 l - a potion of degeneration
 p - a potion of enlightenment {unknown}
 t - a potion of brilliance {unknown}


   Skills:
 - Level 3.2 Fighting
 - Level 2.6 Dodging
 + Level 10.3 Unarmed Combat


You had 7 spell levels left.
You didn't know any spells.
Your spell library contained the following spells:

 Spells                   Type           Power      Damage    Failure   Level
 Inner Flame              Hex/Fire       0%         N/A       92%         3
 Irradiate                Conj/Alch      0%         3d11      100%        5
 Ignition                 Fire           0%         3d3       100%        8


Dungeon Overview and Level Annotations

Branches:
Dungeon (5/15)
 Temple: D:4-7

Altars:

Shops:
D:4 [


Innate Abilities, Weirdness & Mutations

You are immune to poison.
You have sharp fingernails.
Your flesh is cold resistant. (rC+)
You are immune to negative energy. (rN+++)
You do not regenerate when monsters are visible.
You are immune to unholy pain and torment.
You thrive by killing the living.


Message History

You are too injured to fight recklessly!
As you read the scroll of torment, it crumbles to dust.
You feel a surge of unholy energy.
The ogre convulses!
The bombardier beetle convulses!
The water moccasin convulses!
The iguana convulses! x2; The ribbon worm convulses!
The bombardier beetle convulses!
As you read the scroll of torment, it crumbles to dust.
You feel a surge of unholy energy.
The ogre convulses!
The bombardier beetle convulses!
The water moccasin convulses!
The iguana convulses! x2; The two-headed ogre convulses!
The bombardier beetle convulses!
The ogre hits you with a +0 giant spiked club!
* * * LOW HITPOINT WARNING * * *
You claw the ogre!
You kill the ogre!
You feel better.
You have reached level 8!
You scratch the bombardier beetle but do no damage.
The bombardier beetle is severely wounded.
The bombardier beetle sprays incendiary fluid at you.
The burning spray hits you.
You are covered in liquid fire!
The water moccasin bites you.
* * * LOW HITPOINT WARNING * * *
You shake off some of the fire as you move.
The liquid fire burns you!
* * * LOW HITPOINT WARNING * * *
The bombardier beetle sprays incendiary fluid at you.
The burning spray hits you.
You are even more covered in liquid fire!
You scratch the bombardier beetle.
The bombardier beetle is almost dead.
The liquid fire burns you!
* * * LOW HITPOINT WARNING * * *
The water moccasin bites you but does no damage.
It was a potion of lignification.
You feel woody for a moment. The liquid fire burns you!
* * * LOW HITPOINT WARNING * * *
The water moccasin bites you!
You die...

.#.O #D..#. .$
........... ...
...#.k.#.. #.####
..#B..#...#.....+
#...#...#)....)# .
#O.w#...#.....#
...#.kl#...#....#####+
.....lBS..............
.......@$..#+#........
....#...........#.#...
... #.................
# ####+##.....#.#...
#...........
####...#.... #...# . #
#...# #. #...#


You could see a two-headed ogre, a water moccasin, a wyvern, a ribbon worm, 2
bombardier beetles and 2 iguanas.

Vanquished Creatures
  Sigmund (D:3)
  A black bear (D:4)
  An orc warrior (D:4)
  An ogre (D:5)
  A phantom (D:4)
  A bullfrog (D:4)
  A scorpion (D:4)
  2 orc priests (D:4)
  2 hounds
  An orc wizard (D:4)
  5 adders
  A dart slug (D:1)
  A ribbon worm (D:3)
  9 orcs
  7 bats
  7 endoplasms
  2 giant cockroaches
  6 goblins
  10 hobgoblins
  7 jackals
  9 kobolds
  6 quokkas
  5 ball pythons
  7 frilled lizards
  5 rats
99 creatures vanquished.

Notes
Turn   | Place    | Note
-------+----------+-------------------------------------------
     0 | D:1      | stipulation the Ghoul Monk began the quest for the Orb.
     0 | D:1      | Reached XP level 1. HP: 19/19 MP: 1/1
    19 | D:1      | Reached XP level 2. HP: 21/26 MP: 2/2
    77 | D:1      | Reached skill level 4 in Unarmed Combat
   512 | D:1      | Reached XP level 3. HP: 25/31 MP: 3/3
  1164 | D:2      | Reached skill level 5 in Unarmed Combat
  1215 | D:2      | Reached XP level 4. HP: 36/38 MP: 4/4
  1769 | D:3      | Noticed Sigmund
  1780 | D:3      | Killed Sigmund
  1781 | D:3      | Reached skill level 7 in Unarmed Combat
  1781 | D:3      | Reached XP level 5. HP: 45/45 MP: 5/5
  1781 | D:3      | Reached XP level 6. HP: 51/51 MP: 6/6
  2379 | D:4      | Noticed a black bear
  2386 | D:4      | Killed a black bear
  2387 | D:4      | Reached skill level 8 in Unarmed Combat
  2658 | D:4      | Reached XP level 7. HP: 57/57 MP: 7/7
  2765 | D:4      | Found Tigaf's Armour Emporium.
  2955 | D:4      | Reached skill level 9 in Unarmed Combat
  3546 | D:5      | Entered Level 5 of the Dungeon
  3851 | D:4      | Reached skill level 10 in Unarmed Combat
  3923 | D:5      | Noticed a wyvern
  3923 | D:5      | Noticed a steam dragon
  3923 | D:5      | Noticed a two-headed ogre
  3928 | D:5      | Reached XP level 8. HP: 17/63 MP: 8/8
  3931 | D:5      | HP: 2/63 [burnt (4)]
  3931 | D:5      | Mangled by a water moccasin

Illustrated notes

Levels and vault maps discovered:
D:1:      mrwooster_arrival_statue_2, layout_loops_corners, minmay_fountain_box,
          hangedman_decor_points
D:2:      layout_rooms
D:3:      layout_basic, fountainhead, minmay_misc_feat_alley,
          hangedman_decor_diamond_cutter, uniq_sigmund
D:4:      minmay_thick_lines, layout_basic, serial_shops,
          nicolae_take_the_stairs
D:5:      cheibrodos_fzero, layout_gridville, serial_co_window_serial,
          co_window_paths_a, co_window_paths_b, co_window_paths_a,
          co_window_corner_a, co_window_corner_a, co_window_broadway_b,
          co_window_broadway_a, co_window_cross_2, co_window_broadway_a,
          co_window_corner_b, co_window_4corner_b, co_window_4corner_a,
          glass_columns_a, glass_columns_a, glass_columns_a, glass_columns_a

Skill      XL: |  1  2  3  4  5  6  7 |
---------------+----------------------+-----
Unarmed Combat | 4 5 7 8 10 | 10.3
Fighting       | |  3.2
Dodging        | |  2.6

Action                     |  1- 3 |  4- 6 |  7- 9 || total
---------------------------+-------+-------+-------++-------
  Melee: Unarmed           |   100 |   108 |    76 ||   284
    Use: Scroll            |       |       |     6 ||     6
         Potion            |       |       |     1 ||     1
 Armour: Robe              |    53 |    42 |       ||    95
         Ring mail         |       |    27 |    49 ||    76
  Dodge: Dodged            |    69 |    61 |    32 ||   162
